 Dungeon Crawl Stone Soup version 0.17.1-3-g152610e (webtiles) character file.

473 Freud the Cutter (level 7, 0/35 HPs)
             Began as a Vine Stalker Fighter on Mar 31, 2016.
             Slain by a flying skull (3 damage)
             ... on level 1 of the Abyss.
             The game lasted 00:59:17 (3464 turns).

Freud the Cutter (Vine Stalker Fighter)             Turns: 3464, Time: 00:59:17

Health: 0/35       AC: 19    Str: 22      XL:     7   Next: 10%
Magic:  0/8        EV:  7    Int:  4 (8)  God:
Gold:   220        SH:  5    Dex: 13 (14) Spells: 0 memorised, 6 levels left

rFire  . . .     SeeInvis .     b - +0 flail (protect)
rCold  . . .     Clarity  .     q - +0 chain mail
rNeg   . . .     SustAt   .     H - +0 buckler
rPois  .         Gourm    .     k - +2 helmet
rElec  +         Spirit   +     A - +0 cloak
rCorr  .         Warding  .     j - +0 pair of gloves
rMut   .         Stasis   .     (no boots)
MR     .....                    (no amulet)
Stlth  ..........               (no ring)
                                (no ring)

@: not resistant to hostile enchantments, extremely unstealthy
A: fangs 2, mutation resistance 1, regeneration 2, electricity resistance,
strong 1, magic shield, antimagic bite, no device heal 3, rot immunity
a: no special abilities


You were on level 1 of the Abyss.
You were not hungry.

You visited 1 branch of the dungeon, and saw 4 of its levels.
You visited the Abyss 1 time.

You collected 220 gold pieces.

Inventory:

Hand Weapons
 a - a +3 dagger
 b - a +0 flail of protection (weapon)
 p - a +0 rapier
 z - a +4 quarterstaff of chaos
 J - a +2 mace of crushing
 L - a +2 falchion of slicing
Missiles
 m - 9 poisoned needles
 v - 132 stones
 I - 3 tomahawks (quivered)
 M - a throwing net
Armour
 j - a +0 pair of gloves (worn)
 k - a +2 helmet (worn)
 q - a +0 chain mail (worn)
 A - a +0 cloak (worn)
 H - a +0 buckler (worn)
Jewellery
 c - an uncursed ring of stealth {unknown}
Wands
 o - a wand of magic darts (6)
 r - a wand of confusion (0)
Scrolls
 i - 5 scrolls of remove curse
 t - a scroll of recharging
 w - a scroll of noise
 y - a scroll of amnesia {unknown}
 C - a scroll of immolation
Potions
 d - 3 potions of might
 g - a potion of haste {unknown}
 D - a potion of agility
Comestibles
 e - 2 bread rations
 E - 3 fruits
 F - 3 meat rations
 P - a royal jelly


   Skills:
 + Level 2.6 Fighting
 - Level 5.3 Short Blades
 - Level 3.5 Armour
 - Level 4.1 Shields


You had 6 spell levels left.
You didn't know any spells.

Dungeon Overview and Level Annotations

Branches:
Dungeon (4/15)
 Temple: D:4-7

Altars:
Fedhas
Ru
Trog
Yredelemnul

Annotations:
D:4 Freud's ghost, amateur VSWz


Innate Abilities, Weirdness & Mutations

You have extremely sharp teeth.
You heal very quickly.
When hurt, damage is shared between your health and your magic reserves.
Your bite disrupts and absorbs the magic of your enemies.
Potions and wands cannot restore your health.
You are immune to rotting.
You are somewhat resistant to further mutation.
You are resistant to electric shocks.
Your muscles are strong. (Str +2)


Message History

The flying skull hits you but does no damage.
Your attacks no longer feel as feeble.
The flying skull barely misses you. The flying skull hits you.
* * * LOW HITPOINT WARNING * * *
The orange demon stings you but does no damage.
A white imp comes into view.
The flying skull hits you!
* * * LOW HITPOINT WARNING * * *
A sixfirhy comes into view.
Read which item? (? for menu, Esc to quit)
Okay, then.
The flying skull barely misses you.
The sixfirhy hits you but does no damage.
The sixfirhy barely misses you. The flying skull closely misses you.
The flying skull hits you.
* * * LOW HITPOINT WARNING * * *
An ancient zyme comes into view.
The flying skull hits you.
You die...

.. #######
#.###.....#
###..##.#@.#
....ยง...z.# .
#.x.##x..# .#
##.##.#.## ..
#...44##.# #
.#.#.#.#.##...#.#
#.... .5#...### #
.#####..#X##. ..#
###....#.#.


You could see an orange demon, 2 ancient zymes, a sixfirhy, a flying skull and a
white imp.

Vanquished Creatures
  A scorpion (D:4)
  A quasit (Abyss:1)
  4 orc priests
  An orc wizard (D:4)
  Crazy Yiuf (D:2)
  Terence (D:2)
  A worker ant (D:4)
  A hound skeleton (D:4)
  9 adders
  3 worms
  13 orcs
  3 giant cockroaches
  10 goblins
  7 hobgoblins
  8 kobolds
  A quokka (D:2)
  6 bats
  5 giant newts
  2 jackals (D:1)
  6 rats
84 creatures vanquished.

Notes
Turn   | Place    | Note
--------------------------------------------------------------
     0 | D:1      | Freud the Vine Stalker Fighter began the quest for the Orb.
     0 | D:1      | Reached XP level 1. HP: 11/11 MP: 2/2
   150 | D:1      | Reached XP level 2. HP: 16/16 MP: 3/3
   783 | D:2      | Found a blossoming altar of Fedhas.
   795 | D:2      | Reached skill level 3 in Short Blades
   795 | D:2      | Reached XP level 3. HP: 17/19 MP: 4/4
   809 | D:2      | Noticed Terence
   851 | D:2      | Killed Terence
   930 | D:2      | Reached XP level 4. HP: 13/23 MP: 5/5
  1084 | D:2      | Found a sacrificial altar of Ru.
  1171 | D:2      | Reached skill level 4 in Short Blades
  1335 | D:2      | Found a basalt altar of Yredelemnul.
  1444 | D:2      | Noticed Crazy Yiuf
  1473 | D:2      | Killed Crazy Yiuf
  1473 | D:2      | Reached XP level 5. HP: 12/27 MP: 6/6
  2329 | D:3      | Found a bloodstained altar of Trog.
  2338 | D:3      | Gained mutation: You heal very quickly. [Vine Stalker growth]
  2338 | D:3      | Reached XP level 6. HP: 17/32 MP: 5/7
  2652 | D:4      | Noticed Freud's ghost (amateur VSWz)
  2737 | D:4      | Reached skill level 5 in Short Blades
  2840 | D:4      | Reached XP level 7. HP: 35/35 MP: 8/8
  3000 | D:4      | Cast into the Abyss (Freud's ghost)
  3004 | Abyss:1  | Found a deep blue altar of Sif Muna.
  3082 | Abyss:1  | Noticed a red devil
  3084 | Abyss:1  | Noticed a green death
  3102 | Abyss:1  | Gained mutation: Your muscles are strong. (Str +2) [potion of mutation]
  3102 | Abyss:1  | Gained mutation: You are somewhat resistant to further mutation. [potion of mutation]
  3102 | Abyss:1  | Gained mutation: You are resistant to electric shocks. [potion of mutation]
  3150 | Abyss:1  | Found a sacrificial altar of Ru.
  3159 | Abyss:1  | Noticed an ancient zyme
  3176 | Abyss:1  | Noticed an efreet
  3177 | Abyss:1  | Noticed a neqoxec
  3186 | Abyss:1  | Noticed a chaos spawn
  3196 | Abyss:1  | Noticed a yaktaur
  3196 | Abyss:1  | a shapeshifter changed into a yaktaur
  3199 | Abyss:1  | Noticed a starcursed mass
  3272 | Abyss:1  | Noticed a worldbinder
  3282 | Abyss:1  | Noticed a redback
  3288 | Abyss:1  | Noticed a jumping spider
  3288 | Abyss:1  | Noticed a jumping spider
  3291 | Abyss:1  | Noticed a jumping spider
  3296 | Abyss:1  | Noticed a jumping spider
  3297 | Abyss:1  | Noticed a jumping spider
  3349 | Abyss:1  | Noticed a rakshasa
  3349 | Abyss:1  | Noticed an iron dragon skeleton
  3363 | Abyss:1  | Noticed a flying skull
  3365 | Abyss:1  | Noticed a flying skull
  3374 | Abyss:1  | Noticed a flying skull
  3381 | Abyss:1  | Noticed a black mamba
  3383 | Abyss:1  | Noticed a starcursed mass
  3391 | Abyss:1  | Noticed an ancient zyme
  3391 | Abyss:1  | Noticed a great orb of eyes
  3395 | Abyss:1  | a black mamba changed into something unseen
  3400 | Abyss:1  | Noticed a yak
  3413 | Abyss:1  | Noticed a blink frog
  3413 | Abyss:1  | a yak changed into a blink frog
  3424 | Abyss:1  | Noticed a silent spectre
  3427 | Abyss:1  | Noticed an orange demon
  3434 | Abyss:1  | Noticed an ancient zyme
  3458 | Abyss:1  | Noticed a sixfirhy
  3463 | Abyss:1  | Noticed an ancient zyme
  3464 | Abyss:1  | Slain by a flying skull

Action                   |  1- 3 |  4- 6 |  7- 9 || total
-------------------------+-------+-------+-------++-------
Melee: Rapier            |    11 |       |       ||    11
       Dagger            |    76 |   268 |    16 ||   360
  Use: Scroll            |       |     2 |     8 ||    10
       Potion            |       |       |    11 ||    11
  Eat: Chunk             |       |     6 |     1 ||     7
       Beef jerky        |       |       |     1 ||     1
